 Dungeon Crawl Stone Soup version 0.29-a0-506-ga2e7fffb44 (webtiles) character file.

Game seed: 7897785572075702561

1867 kyalle the Fighter (level 8, -1/83 HPs)
             Began as a Minotaur Fighter on May 28, 2022.
             Was a Believer of Okawaru.
             Slain by an orc warrior
             ... wielding a +0 glaive
              (17 damage)
             ... on level 7 of the Dungeon.
             The game lasted 00:29:08 (5960 turns).

kyalle the Fighter (Minotaur Fighter)               Turns: 5960, Time: 00:29:09

Health: -1/83      AC:  9    Str: 23    XL:     8   Next: 90%
Magic:  7/7        EV:  9    Int: 15    God:    Okawaru [**....]
Gold:   306        SH:  6    Dex: 10    Spells: 7/7 levels left

rFire   . . .      SeeInvis .   k - +7 falchion of Abuse {spect, rElec rPois rC+ Int+4}
rCold   + + .      Faith    .   c - +0 buckler
rNeg    . . .      Spirit   .   b - +0 scale mail
rPois   +          Reflect  .   (helmet restricted)
rElec   +          Harm     .   (no cloak)
rCorr   .          Rampage  .   (no gloves)
Will    .....                   t - +0 pair of boots
Stlth   ..........              l - amulet of magic regeneration
HPRegen 0.23/turn               w - +6 ring of intelligence
MPRegen 0.50/turn               v - ring of protection from cold

@: no status effects
A: horns 2, retaliatory headbutt
a: Renounce Religion, Heroism


You were on level 7 of the Dungeon.
You worshipped Okawaru.
Okawaru was pleased with you.
You visited 2 branches of the dungeon, and saw 8 of its levels.
You also visited: Sewer.

You collected 306 gold pieces.

Inventory:

Hand Weapons
 a - a +0 long sword
 k - the +7 falchion of Abuse (weapon) {spect, rElec rPois rC+ Int+4}
   (You took it off a kobold on level 2 of the Dungeon)

   When its wielder attacks, the weapon's spirit leaps out and strikes again.
   The spirit shares a part of any damage it takes with its wielder.
   Int:       It affects your intelligence (+4).
   rC:        It protects you from cold.
   rElec:     It insulates you from electricity.
   rPois:     It protects you from poison.
 p - a +2 hand axe of flaming
Armour
 b - a +0 scale mail (worn)
 c - a +0 buckler (worn)
 r - a +0 plate armour
 t - a +0 pair of boots (worn)
Jewellery
 l - an amulet of magic regeneration (around neck)
 v - a ring of protection from cold (right hand)
 w - a +6 ring of intelligence (left hand)
Wands
 i - a wand of polymorph (9)
 z - a wand of flame (13)
Scrolls
 n - 8 scrolls of teleportation
 q - a scroll of torment {unknown}
 s - a scroll of blinking
 x - a scroll of identify
 y - a scroll of amnesia {unknown}
Potions
 d - a potion of might
 e - 2 potions of magic
 f - 6 potions of heal wounds
 g - 5 potions of ambrosia
 h - 3 potions of flight
 j - 5 potions of degeneration
 m - 2 potions of cancellation
 o - 5 potions of attraction
 u - 3 potions of curing


   Skills:
 * Level 11.8 Fighting
 * Level 11.6 Long Blades
 + Level 8.6 Armour
 + Level 8.7 Shields


You had 7 spell levels left.
You didn't know any spells.
Your spell library contained the following spells:

 Spells                   Type           Power      Damage    Failure   Level
 Slow                     Hex            0%         N/A       58%         1
 Ensorcelled Hibernation  Hex/Ice        0%         N/A       73%         2
 Confusing Touch          Hex            0%         N/A       91%         3
 Gell's Gravitas          Tloc           0%         N/A       91%         3
 Spider Form              Tmut/Pois      0%         N/A       91%         3
 Vampiric Draining        Necr           0%         2d6       91%         3
 Anguish                  Hex/Necr       0%         N/A       100%        4
 Olgreb's Toxic Radiance  Pois           0%         N/A       100%        4
 Dispersal                Tloc           0%         N/A       100%        6
 Ozocubu's Refrigeration  Ice            0%         4d5       100%        7
 Ignition                 Fire           0%         3d3       100%        8


Dungeon Overview and Level Annotations

Branches:
Dungeon (7/15)             Temple (1/1) D:4           Sewer (visited)

Altars:
Ashenzari
Cheibriados
Elyvilon
Fedhas
Gozag
Hepliaklqana
Kikubaaqudgha
Makhleb
Nemelex Xobeh
Okawaru
Qazlal
Ru
Sif Muna
Trog
Uskayaw
Wu Jian
Xom
Yredelemnul
Zin
The Shining One


Innate Abilities, Weirdness & Mutations

You have a pair of horns on your head.
You reflexively headbutt those who attack you in melee.


Message History

The orc is moderately wounded.
Your +7 falchion of Abuse {spect, rElec rPois rC+ Int+4} hits the orc!
You kill the orc!
Okawaru accepts your kill.
An orc comes into view. It is wielding a +0 club.
You hit the orc wizard. Your headbutt misses the orc wizard.
The orc wizard is lightly wounded.
Your +7 falchion of Abuse {spect, rElec rPois rC+ Int+4} barely misses the orc wizard.
The orc wizard casts a spell at you.
You are confused.
The orc warrior hits you but does no damage.
You barely miss the orc wizard. Your headbutt misses the orc wizard.
The orc wizard is lightly wounded.
Your +7 falchion of Abuse {spect, rElec rPois rC+ Int+4} hits the orc wizard!
You slash the orc wizard!
You kill the orc wizard!
Okawaru accepts your kill.
The orc warrior hits you from afar with a +0 glaive!
You bump into the rock wall.
The orc warrior hits you from afar with a +0 glaive!
The orc warrior hits you with a +0 glaive!
Items here: )) [[.
You hit the orc warrior.
The orc warrior is lightly wounded.
The orc warrior barely misses you.
You slash the orc warrior!
The orc warrior is heavily wounded.
The orc warrior attacks as you move away!
The orc warrior hits you with a +0 glaive!
You feel less confused.
The orc warrior hits you from afar with a +0 glaive!
The orc priest calls down the wrath of Beogh upon you.
Beogh smites you!
* * * LOW HITPOINT WARNING * * *
The orc warrior closely misses you.
Items here: )) [[.
You closely miss the orc warrior. You headbutt the orc warrior.
The orc warrior is severely wounded.
The orc warrior hits you with a +0 glaive!
You die...

.# .# ..#
#.# #.# #.#
#.# #.#
#########.#
....ooo@..#
#########..#
...........#
########...#
#<..#
#####...#
#.......# .#
#.##..)## .#
.#
#.#.###.##


You could see an orc warrior, an orc priest and an orc.

Vanquished Creatures
  A sky beast (D:7)
  An ice beast (D:6)
  2 centaurs
  An ogre (D:5)
  A bullfrog (D:7)
  3 scorpions
  6 electric eels (D:6)
  A howler monkey (D:6)
  3 hounds
  A jelly (D:6)
  An orc priest (D:4)
  Terence (D:2)
  2 iguanas
  5 orc wizards
  3 gnolls (D:7)
  11 adders
  3 river rats
  A shadow imp (D:6)
  3 white imps
  An ufetubus (D:5)
  A worm (D:2)
  2 dart slugs
  8 orcs
  3 endoplasms
  5 giant cockroaches
  9 goblins
  12 hobgoblins
  8 jackals
  4 quokkas
  13 ball pythons
  6 bats
  7 frilled lizards
  9 kobolds
  8 rats
146 creatures vanquished.

Vanquished Creatures (others)
  A white imp (D:6)
1 creature vanquished.

Grand Total: 147 creatures vanquished

Notes
Turn   | Place    | Note
-------+----------+-------------------------------------------
     0 | D:1      | kyalle the Minotaur Fighter began the quest for the Orb.
     0 | D:1      | Reached XP level 1. HP: 19/19 MP: 0/0
   295 | D:1      | Reached XP level 2. HP: 27/27 MP: 1/1
   730 | D:1      | Reached XP level 3. HP: 33/33 MP: 2/2
   926 | D:2      | Identified the +7 falchion of Abuse {spect, rElec rPois rC+
                  | Int+4}
  1013 | D:2      | Noticed Terence
  1021 | D:2      | Killed Terence
  1022 | D:2      | Reached XP level 4. HP: 27/41 MP: 3/3
  1210 | D:2      | Found an opulent altar of Gozag.
  1550 | D:3      | Reached XP level 5. HP: 57/57 MP: 4/4
  1551 | D:3      | Reached skill level 10 in Long Blades
  1551 | D:3      | Reached XP level 6. HP: 68/68 MP: 5/5
  1739 | D:3      | Found a glowing drain.
  1766 | Sewer    | Entered a sewer
  2257 | D:3      | Found an ornate altar of the Wu Jian Council.
  2752 | D:4      | Found a staircase to the Ecumenical Temple.
  2759 | D:4      | Reached XP level 7. HP: 71/74 MP: 6/6
  2764 | Temple   | Entered the Ecumenical Temple
  3112 | Temple   | Became a worshipper of Warmaster Okawaru
  3868 | D:5      | Entered Level 5 of the Dungeon
  4118 | D:5      | Found a basalt altar of Yredelemnul.
  4514 | D:6      | Reached * piety under Okawaru
  4515 | D:6      | Reached XP level 8. HP: 82/82 MP: 7/7
  5725 | D:7      | Got the Collected Works on the Traveller
  5903 | D:7      | Reached ** piety under Okawaru
  5960 | D:7      | Slain by an orc warrior

Illustrated notes

Levels and vault maps discovered:
D:1:      sevenhm_arrival_forest_fort_large_2, layout_basic
D:2:      layout_rooms, basic_altar, uniq_terence
D:3:      layout_loops_ring, mainiacjoe_overflow_concentric_impassable,
          cheibrodos_sewer_entry_sluice
D:4:      layout_basic, minmay_temple_entry_statues_fountains
D:5:      layout_basic, mainiacjoe_overflow_24_doors
D:6:      layout_loops_corners, serial_glass, glass_columns_a, glass_columns_c,
          glass_columns_c, glass_columns_b, glass_columns_a, glass_columns_a,
          glass_columns_a, glass_columns_a, kennysheep_boxes
D:7:      layout_loops_ring, gammafunk_temple_overflow_pools,
          palyth_stone_intersect
Temple:   dpeg_five_rooms_temple

Skill      XL: |  1  2  3  4  5  6 |
---------------+-------------------+-----
Fighting       | 4 9 11 | 11.8
Long Blades    | 3 8 10 11 | 11.6
Shields        | 4 6 8 |  8.7
Armour         | 4 6 8 |  8.6

Action                   |  1- 3 |  4- 6 |  7- 9 || total
-------------------------+-------+-------+-------++-------
Melee: Long sword        |   102 |       |       ||   102
       Headbutt          |    11 |    11 |    14 ||    36
       Falchion          |     4 |    65 |    92 ||   161
  Use: Scroll            |       |    11 |     4 ||    15
       Potion            |       |     2 |       ||     2
 Stab: Distracted        |       |       |     1 ||     1
Armor: Scale mail        |    72 |    23 |    28 ||   123
Dodge: Dodged            |    62 |    30 |    23 ||   115
Block: Buckler           |    37 |    17 |    21 ||    75

Table legend: (Time is in decaauts)
 A = Elapsed time spent in this place.
 B = Non-inter-level travel time spent in this place.
 C = Inter-level travel time spent in this place.
 D = Time resting spent in this place.
 E = Time spent auto-exploring this place.
 F = Levels seen in this place.
 G = Mean time per level.
                   A        B        C        D        E       F      G
               +--------+--------+--------+--------+--------+-----+--------+
         Total |   6072 |   5561 |    511 |    114 |   3745 |   9 |  674.7 |
       Dungeon |   5184 |   5066 |    118 |    114 |   3538 |   7 |  740.6 |
        Temple |    403 |     10 |    393 |      0 |      0 |   1 |  403.0 |
         Sewer |    484 |    484 |      0 |      0 |    206 |   1 |  484.0 |
               +--------+--------+--------+--------+--------+-----+--------+

Top non-repeatable levels by time:
     D:6: 1201 daAuts
     D:4: 927 daAuts
     D:1: 858 daAuts
     D:3: 725 daAuts
     D:5: 624 daAuts
     D:2: 566 daAuts
   Sewer: 484 daAuts
  Temple: 403 daAuts
     D:7: 280 daAuts
